 Dungeon Crawl Stone Soup version 0.29-a0-1047-g7c58e119a4 (webtiles) character file.

Game seed: 5700443748526284917

477 purpskrrrp the Ruffian (level 6, -4/61 HPs)
             Began as a Troll Chaos Knight on Aug 17, 2022.
             Was a Plaything of Xom.
             Killed from afar by an orc wizard (6 damage)
             ... with a magic dart
             ... on level 4 of the Dungeon.
             The game lasted 00:09:05 (2480 turns).

purpskrrrp the Ruffian (Troll Chaos Knight)         Turns: 2480, Time: 00:09:06

Health: -4/61      AC:  6    Str: 23    XL:     6   Next: 85%
Magic:  5/5        EV: 10    Int:  8    God:    Xom [..*...]
Gold:   97         SH:  0    Dex:  9    Spells: 5/5 levels left

rFire   . . .      SeeInvis .   o - +7 whip "Iheel" {drain, *Slow rElec rC+}
rCold   + + .      Faith    .   (no shield)
rNeg    . . .      Spirit   .   a - +2 robe
rPois   .          Reflect  .   (helmet restricted)
rElec   +          Harm     .   (no cloak)
rCorr   .          Rampage  .   (gloves unavailable)
Will    .....                   (boots unavailable)
Stlth   +.........              (no amulet)
HPRegen 1.00/turn               f - ring of protection from cold
MPRegen 0.09/turn               (no ring)

@: about to teleport, slowed, very slow
A: large, unfitting armour, claws 3, regeneration 1, shaggy fur 1, tough skin 1
a: Renounce Religion


You were on level 4 of the Dungeon.
You worshipped Xom.
You were a toy of Xom.
You visited 1 branch of the dungeon, and saw 5 of its levels.
You also visited: Sewer.

You collected 97 gold pieces.

Inventory:

Hand Weapons
 o - the +7 whip "Iheel" (weapon) {drain, *Slow rElec rC+}
   (You found it on level 3 of the Dungeon)

   A truly terrible weapon, it drains the life of any living foe it strikes.
   rC:        It protects you from cold.
   rElec:     It insulates you from electricity.
   *Slow:     It may slow you when you take damage.
 s - a +3 hand axe of venom
Missiles
 i - 15 poisoned darts
 m - 8 boomerangs (quivered)
Armour
 a - a +2 robe (worn)
Jewellery
 f - a ring of protection from cold (left claw)
Wands
 j - a wand of polymorph (7)
Scrolls
 c - a scroll of teleportation
 r - a scroll of enchant armour
 w - a scroll of summoning {unknown}
 x - a scroll of brand weapon {unknown}
Potions
 d - a potion of flight {unknown}
 e - 2 potions of haste {unknown}
 g - 3 potions of mutation {unknown}
 h - 3 potions of lignification {unknown}
 k - 2 potions of heal wounds {unknown}
 l - a potion of might {unknown}
 n - 3 potions of curing {unknown}
 p - 2 potions of brilliance {unknown}
 q - a potion of attraction {unknown}
 t - 3 potions of invisibility {unknown}
 u - a potion of cancellation {unknown}
 v - a potion of resistance {unknown}
Miscellaneous
 b - a piece from Xom's chessboard (15/15)


   Skills:
 + Level 3.5 Fighting
 * Level 2.9 Maces & Flails
 + Level 2.0 Throwing
 + Level 3.2 Dodging
 + Level 4.5 Unarmed Combat


You had 5 spell levels left.
You didn't know any spells.
Your spell library was empty.

Dungeon Overview and Level Annotations

Branches:
Dungeon (5/15)              Sewer (visited)
 Temple: D:4-7

Altars:

Shops:
D:2 *


Innate Abilities, Weirdness & Mutations

You are too large for most types of armour.
You have claws for hands.
Your natural rate of healing is unusually fast.
You are covered in fur. (AC +1)
You have tough skin. (AC +1)


Message History

You are too injured to fight recklessly!
You are too injured to fight recklessly!
You are too injured to fight recklessly!
You barely miss the orc. The orc barely misses you.
Something completely misses you.
The gnoll hits you from afar with a +0 spear.
* * * LOW HITPOINT WARNING * * *
The gnoll hits you from afar with a +0 spear.
* * * LOW HITPOINT WARNING * * *
Something hits you but does no damage. The orc barely misses you.
You hit something but do no damage. The orc closely misses you.
Something hits you but does no damage. The gnoll barely misses you.
You're too confused to move!
The gnoll hits you from afar with a +0 spear.
* * * LOW HITPOINT WARNING * * *
Something hits you but does no damage. The orc hits you with a +0 flail.
* * * LOW HITPOINT WARNING * * *
The gnoll barely misses you. The orc hits you but does no damage.
Something hits you but does no damage.
You bump into the rock wall.
Something hits you.
* * * LOW HITPOINT WARNING * * *
The orc hits you with a +0 flail.
* * * LOW HITPOINT WARNING * * *
The gnoll hits you from afar with a +0 spear.
* * * LOW HITPOINT WARNING * * *
You barely miss something.
You feel less confused. The orc hits you with a +0 flail.
* * * LOW HITPOINT WARNING * * *
Something hits you but does no damage. The gnoll hits you but does no damage.
The gnoll barely misses you. Something hits you but does no damage.
The orc misses you.
As you read the scroll of teleportation, it crumbles to dust.
You feel strangely unstable. The orc hits you with a +0 flail.
* * * LOW HITPOINT WARNING * * *
Xom is highly amused!
You hear some strange, mumbled words.
A magic dart appears from out of thin air!
The magic dart hits you.
You die...

###....#########
............)....# . .
#.#############... .. . #.#
#.... ...#. #.# #..##
.....###+#.############..#
...#.....................#
......)).o.############..#
...#...)g{@# #.........#
..........)# #.........##
.#.#...)...# ###...........
..........)###.........#...
.#######.#.................
#.#####............. #.#
#............. #.#
#............. ..#
#...######....


You could see a gnoll and an orc.

Vanquished Creatures
  2 kobold brigands (Sewer)
  A hound (D:4)
  2 orc wizards
  5 river rats (Sewer)
  5 adders
  3 gnolls (D:4)
  A shadow imp (D:4)
  A dart slug (D:2)
  10 orcs
  9 ball pythons
  8 bats
  12 endoplasms
  4 giant cockroaches
  4 goblins
  7 hobgoblins
  2 jackals (D:1)
  18 kobolds
  3 quokkas
  4 frilled lizards
  27 rats
128 creatures vanquished.

Notes
Turn   | Place    | Note
-------+----------+-------------------------------------------
     0 | D:1      | purpskrrrp the Troll Chaos Knight began the quest for the
                  | Orb.
     0 | D:1      | Reached XP level 1. HP: 22/22 MP: 0/0
     6 | D:1      | Noticed a basilisk
     6 | D:1      | Noticed a servant of whispers
     7 | D:1      | Noticed an ettin
    73 | D:1      | Reached XP level 2. HP: 29/29 MP: 1/1
   109 | D:1      | XOM: silly message
   117 | D:1      | Found a faded altar of an unknown god.
   280 | D:1      | XOM: silly message
   338 | D:1      | Reached XP level 3. HP: 33/36 MP: 2/2
   381 | D:1      | XOM: silly message
   480 | D:2      | Found Giehir's General Store.
   618 | D:2      | XOM: divination: detect items
   898 | D:3      | Identified the +7 whip "Iheel" {drain, *Slow rElec rC+}
  1150 | D:3      | Reached XP level 4. HP: 8/44 MP: 3/3
  1152 | D:3      | Reached skill level 1 in Maces & Flails
  1344 | D:3      | XOM: scenery: 1 doors open, 1 doors close
  1366 | D:3      | XOM: divination: detect creatures
  1515 | D:3      | You fall into a shaft and drop 2 floors!
  1515 | D:5      | Entered Level 5 of the Dungeon
  1533 | D:4      | Reached skill level 4 in Unarmed Combat
  1540 | D:4      | Reached skill level 1 in Throwing
  1540 | D:4      | Reached XP level 5. HP: 27/53 MP: 4/4
  1579 | D:4      | Found a glowing drain.
  1587 | D:4      | XOM: cloud trail
  1590 | Sewer    | Entered a sewer
  1658 | Sewer    | XOM: potion effect (haste)
  1715 | Sewer    | XOM: smoke on damage
  1763 | Sewer    | Reached XP level 6. HP: 59/61 MP: 5/5
  1831 | Sewer    | XOM: silly message
  1928 | Sewer    | XOM: silly message
  1974 | Sewer    | XOM: divination: detect creatures
  2265 | Sewer    | XOM is BORED!
  2265 | Sewer    | XOM: silly message
  2439 | D:4      | XOM: silly message
  2456 | D:4      | XOM: smoke on damage
  2457 | D:4      | XOM: potion effect (curing)
  2480 | D:4      | HP: 2/61 [orc/+0 flail (6)]
  2480 | D:4      | Killed from afar by an orc wizard

Illustrated notes

Levels and vault maps discovered:
D:1:      onia_arrival_zoo_common, layout_rooms,
          hellmonk_ecumenical_altar_leap_of_faith
D:2:      layout_basic, serial_shops, shop
D:3:      layout_basic
D:4:      layout_basic, minmay_temple_entry_glass, cheibrodos_sewer_entry_drain,
          hangedman_decor_growths
D:5:      layout_basic, gammafunk_ghost_smash

Skill      XL: |  1  2  3  4  5  6 |
---------------+-------------------+-----
Dodging        | 2 3 |  3.2
Maces & Flails | 1 2 |  2.9
Fighting       | 3 |  3.5
Unarmed Combat | 4 |  4.5
Throwing       | 1 2 |  2.0

Action                   |  1- 3 |  4- 6 || total
-------------------------+-------+-------++-------
Melee: Unarmed           |    77 |       ||    77
       Whip              |    18 |   169 ||   187
       Punch             |     2 |     3 ||     5
Throw: Boomerang         |    10 |       ||    10
  Use: Scroll            |       |     6 ||     6
 Stab: Sleeping          |     2 |       ||     2
Armor: Robe              |    52 |    94 ||   146
Dodge: Dodged            |    62 |   120 ||   182

Table legend: (Time is in decaauts)
 A = Elapsed time spent in this place.
 B = Non-inter-level travel time spent in this place.
 C = Inter-level travel time spent in this place.
 D = Time resting spent in this place.
 E = Time spent auto-exploring this place.
 F = Levels seen in this place.
 G = Mean time per level.
                   A        B        C        D        E       F      G
               +--------+--------+--------+--------+--------+-----+--------+
         Total |   2493 |   2493 |      0 |     50 |   1654 |   6 |  415.5 |
       Dungeon |   1760 |   1760 |      0 |     50 |   1199 |   5 |  352.0 |
         Sewer |    733 |    733 |      0 |      0 |    455 |   1 |  733.0 |
               +--------+--------+--------+--------+--------+-----+--------+

Top non-repeatable levels by time:
   Sewer: 733 daAuts
     D:3: 645 daAuts
     D:1: 442 daAuts
     D:2: 427 daAuts
     D:4: 238 daAuts
     D:5: 6 daAuts
